groovejumper, neutral female human Wizard ------------- ------------- |.....+.....| |...........| ----- ------------ |.....|.>....#########|...........| |...| |.....*[...| |.....|.....| #............| #-...| |[.*.(.[...| |.....+...... ##|...........| #|....# |.).KK..[..| |.....|.....| -.----------- #-----# |..........| |.`..........#### ### # # -----@------ |.....|.....| # # # # @ ----.-------- ### # # # ### ## # # # # # # ### ### ################# ######################## ## # # ---.---.------- ### -.--.------ ----.----# # |.............| |..........#####|.....>.|# ##.....<........| #.^........| #.........# |.............| ----------- --------- --------------- groovejumper the Conjurer Experience level: 4 Strength: 11 Dexterity: 9 Constitution: 17 Intelligence: 18 Wisdom: 12 Charisma: 12 Health: 0(36) Energy: 38(38) AC: 2 Gold: 0 Moves: 1036 Your Inventory: Weapons a - a blessed +1 quarterstaff (weapon in hands) Armor t - an [uncursed +0] crested helmet [helmet] w - an [uncursed] +0 studded leather armor (being worn) O - an uncursed +2 cloak of magic resistance (being worn) Spellbooks x - a cursed velvet spellbook [of remove curse] D - an [uncursed] left-handed spellbook [of detect treasure] Rings d - a blessed +2 ring of protection (on right hand) Wands F - an [uncursed] balsa wand [of slow monster (0:5)] Tools b - an [uncursed] bag named holding [of holding] Contents of the bag of holding named holding: 581 gold pieces 2 [uncursed] food rations an [uncursed] lichen corpse an [uncursed] tripe ration an [uncursed] scroll labeled ACHAT SHTAYIM SHALOSH [of remove curse] an [uncursed] scroll labeled ACHAT SHTAYIM SHALOSH [of remove curse] an [uncursed] scroll labeled ETAOIN SHRDLU [of gold detection] an [uncursed] scroll labeled FOOBIE BLETCH [of destroy armor] an [uncursed] scroll labeled READ ME [of charging] an [uncursed] scroll labeled XIXAXA XOXAXA XUXAXA [of enchant weapon] an uncursed scroll of confuse monster an [uncursed] scroll of confuse monster an uncursed spellbook of create monster a blessed spellbook of force bolt 2 [uncursed] black potions [of invisibility] an [uncursed] orange potion [of see invisible] 2 uncursed potions called unholy water [of water] a [blessed] potion called unholy water [of holy water] a [blessed] potion of monster detection an [uncursed] potion of monster detection an [uncursed] puce potion [of full healing] an [uncursed] soapy potion [of speed] 2 [uncursed] yellow potions [of object detection] a [cursed -1] iron ring [of gain constitution] an uncursed ring of see invisible an uncursed wand of secret door detection (0:14) an uncursed blindfold a [cursed oil] lamp Spells known in the end: Name Level Category Fail Memory a - force bolt 1 attack 0% [||||||||] b - create monster 2 clerical 53% [||||||||] Your skills at the end: Fighting Skills Weapon Skills quarterstaff [Basic / Expert] Spellcasting Skills attack spells [Basic / Expert] enchantment spells [Basic / Skilled] Final Attributes: You were devoutly aligned. Hunger level was 630. Your alignment was 14 / 15. Monster difficulty range was 0 - 3. Level difficulty was 3. You were magic-protected. You were protected. Your luck was zero. You are dead. Vanquished creatures: a hobbit a large kobold 3 giant rats 2 green molds a Keystone Kop 3 geckos a sewer rat 4 grid bugs a lichen 2 kobold zombies 4 newts 23 creatures vanquished. Voluntary challenges: You were an atheist. You followed a strict vegan diet. You used a wielded weapon 18 times. You read items or engraved 4 times. You put on armor 3 times. You never genocided any monsters. You never polymorphed an object. You never changed form. You used no wishes. You never wrote Elbereth's name. You never encountered a bones level. You never used any Sokoban shortcuts. Dungeon overview: The Dungeons of Doom: levels 1 to 4 Level 1 a long staircase Level 2 some fountains Level 3 <- You were here a general store a long staircase History has recorded: On T:1 you entered the Dungeons of Doom to retrieve the Amulet of Yendor! On T:291 you reached level 4 of The Dungeons of Doom. On T:293 you reached level 3 of The Dungeons of Doom. On T:483 you reached level 2 of The Dungeons of Doom. On T:508 you advanced to experience level 2. On T:550 you advanced to experience level 3. On T:933 you advanced to experience level 4. Latest messages: h - a cursed clear potion. Annootok's velvet spellbook glows with a black aura. Never mind. You feel a wrenching sensation. You escaped the shop without paying! You stole 3369 zorkmids worth of merchandise. An alarm sounds! The Keystone Kops are after you! Your surroundings suddenly seem different. You see a door open. Annootok zaps a cedar wand! The Keystone Kop is killed by the bolt of cold! The bolt of cold hits you! The bolt of cold bounces! [HP-24=12] Annootok zaps a wand of cold! The bolt of cold hits you! You die... Annootok takes all your possessions. Final status: Goodbye groovejumper the Wizard... You died in The Dungeons of Doom on dungeon level 3 with 965 points, and 581 pieces of gold, after 1036 moves. You were level 4 with a maximum of 36 hit points when you died.